[Event "Titled Tuesday Blitz March 08 Late 2022"]
[White "Meduri, Aakaash"]
[Black "Tabatabaei, M. Amin"]
[WhiteFideId "2032252"]
[BlackFideId "12521213"]
[WhiteElo "2096"]
[BlackElo "2544"]
[Result "0-1"]
[Round "02"]
[TimeControl "180+1"]
[Date "2022.03.09"]
[WhiteClock "0:00:02"]
[BlackClock "0:00:16"]

1. d4 g6 2. h4 Nf6 3. Nc3 d5 4. Bf4 c6 5. e3 h5 6. Nf3 Bg7 7. Be2 Bg4 8. b4 Nbd7 9. a4 O-O 10. O-O Re8 11. Ne5 Nxe5 12. Bxe5 Qd7 13. f3 Bf5 14. Bd3 Rec8 15. Rb1 a5 16. b5 c5 17. b6 c4 18. Bxf5 Qxf5 19. e4 Qd7 20. Qe2 e6 21. Rb5 dxe4 22. fxe4 Ng4 23. Bxg7 Kxg7 24. Rd1 Rd8 25. e5 Qe7 26. g3 Rd7 27. Ne4 Rad8 28. Nd6 Rxd6 29. exd6 Qxd6 30. Qf3 e5 31. Rf1 Qxd4+ 32. Kh1 Rd7 33. Rxa5 e4 34. Qf4 e3 35. Qxd4+ Rxd4 36. Kg2 Rd2+ 37. Kf3 Nh2+ 38. Kxe3 Nxf1+ 39. Kf3 Rxc2 40. Ra7 Ra2 41. a5 c3 42. a6 bxa6 43. b7 Rb2 44. Rxa6 Rxb7 45. Rc6 Re7 46. Rxc3 Nd2+ 47. Kf4 Ne4 48. Re3 f5 49. Ra3 Kf7 50. Ra6 Nf6 51. Kg5 Ne4+ 52. Kh6 Nxg3 53. Rxg6 Re6 54. Rxe6 Kxe6 55. Kg5 Ke5 0-1


[Site "https://www.chess.com"]

[Event "Titled Tuesday Blitz March 08 Late 2022"]
[White "Mekhitarian, Krikor Sevag"]
[Black "Riehle, Marco"]
[WhiteFideId "2107660"]
[BlackFideId "12904392"]
[WhiteElo "2598"]
[BlackElo "2462"]
[Result "0-1"]
[Round "02"]
[TimeControl "180+1"]
[Date "2022.03.08"]
[WhiteClock "0:00:03"]
[BlackClock "0:00:56"]

1. e4 e5 2. Nf3 Nf6 3. Nxe5 Nxe4 4. d4 d6 5. Nf3 d5 6. Bd3 Bd6 7. O-O O-O 8. c4 c6 9. Nc3 Nxc3 10. bxc3 dxc4 11. Bxc4 Bg4 12. h3 Bh5 13. Re1 Nd7 14. g4 Bg6 15. Bg5 Qc7 16. Nh4 Nb6 17. Bb3 Bf4 18. Re7 Qd6 19. Bxf4 Qxf4 20. Nxg6 hxg6 21. Qe2 Nd5 22. Bxd5 cxd5 23. Rxb7 Rac8 24. Qe3 Qxe3 25. fxe3 Rxc3 26. Kf2 Re8 27. Re1 Ra3 28. Re2 Re6 29. Rd7 Ra5 30. Rb2 Rf6+ 31. Kg2 g5 32. Rb8+ Kh7 33. Rb2 Kg6 34. Rf2 Rxf2+ 35. Kxf2 Rxa2+ 36. Kf3 Ra5 37. Rd6+ f6 38. Rd7 Kh7 39. Rd6 Kg8 40. Rd7 Kf8 41. Kg3 Kg8 42. Kf3 Kh7 43. Kg3 Kh6 44. Kf3 g6 45. Rd6 Kg7 46. Rd7+ Kf8 47. Kg3 Ke8 48. Rg7 Ra6 49. Kf3 Ra1 50. Kg3 a5 51. Ra7 a4 52. Kg2 a3 53. Ra5 a2 54. Ra7 Kd8 55. Kh2 Kc8 56. Kg2 Kb8 57. Ra3 Kc7 58. Ra8 Kb6 59. Ra3 Kb5 60. Ra8 Kc4 61. Ra7 Kd3 62. Ra3+ Ke2 63. Kh2 Kf3 64. Ra6 Kxe3 65. Ra4 Rd1 66. Rxa2 Rd2+ 0-1


[Site "https://www.chess.com"]

[Event "Titled Tuesday Blitz March 08 Late 2022"]
[White "Melkumyan, Hrant"]
[Black "Domingo Nunez, Alejandro"]
[WhiteFideId "13302485"]
[BlackFideId "22245561"]
[WhiteElo "2604"]
[BlackElo "2215"]
[Result "1-0"]
[Round "02"]
[TimeControl "180+1"]
[Date "2022.03.08"]
[WhiteClock "0:00:22"]
[BlackClock "0:00:28"]

1. d4 g6 2. c4 Bg7 3. Nf3 d6 4. Nc3 Nd7 5. g3 Ngf6 6. Bg2 O-O 7. O-O c5 8. b3 Rb8 9. Bb2 a6 10. a4 b6 11. e4 Ne8 12. Re1 Nc7 13. Nd5 Ne6 14. Qd2 b5 15. cxb5 axb5 16. a5 b4 17. dxc5 Bxb2 18. Qxb2 Ndxc5 19. Re3 Ba6 20. Bf1 Bb7 21. a6 Ba8 22. Bc4 Nc7 23. Nd4 e5 24. Nf3 Nxd5 25. exd5 Qb6 26. h4 Rbe8 27. h5 Nd7 28. h6 Nf6 29. Qd2 Ng4 30. Re4 Nxh6 31. Qxh6 f5 32. Rh4 Re7 33. Ng5 Qa7 34. Ne6 Rff7 35. Re1 Qb6 36. Ng5 Rg7 37. Ne6 Rgf7 38. Qe3 Qa5 39. Ng5 Rf8 40. Qc1 Qc5 41. Ne6 Rxe6 42. dxe6 Qc6 43. e7+ Kg7 44. Qh6+ Kf6 45. exf8=Q# 1-0


[Site "https://www.chess.com"]

[Event "Titled Tuesday Blitz March 08 Late 2022"]
[White "Mikhailov, Viacheslav"]
[Black "Kanyamarala, Trisha"]
[WhiteFideId "4187369"]
[BlackFideId "45004722"]
[WhiteElo "2710"]
[BlackElo "2436"]
[Result "1-0"]
[Round "02"]
[TimeControl "180+1"]
[Date "2022.03.09"]
[WhiteClock "0:01:56"]
[BlackClock "0:01:09"]

1. Nf3 d5 2. g3 Nd7 3. d4 Nb6 4. Bg2 Nf6 5. O-O h6 6. Nc3 Bf5 7. Bf4 c6 8. a4 e6 9. a5 Nc4 10. b3 Nd6 11. a6 b6 12. Ne5 Rc8 13. f3 Be7 14. e4 dxe4 15. fxe4 Ndxe4 16. Nxe4 Nxe4 17. Bxe4 Bxe4 18. Nxf7 Kxf7 19. Bc7+ Bf6 20. Bxd8 Rhxd8 21. c3 c5 22. Qe2 Bg6 23. Rae1 Rd6 24. Qe5 Ke7 25. Rxf6 gxf6 26. Qf4 cxd4 27. cxd4 Rcd8 28. Qxh6 Bf7 29. Rf1 f5 30. Qg5+ Ke8 31. Rf4 Rc8 32. Rh4 Rc1+ 33. Qxc1 1-0


[Site "https://www.chess.com"]

[Event "Titled Tuesday Blitz March 08 Late 2022"]
[White "Mikhalsky, Vladimir"]
[Black "Vargas Pereda, Jesus Manue"]
[WhiteFideId "14144352"]
[BlackFideId "5115710"]
[WhiteElo "2301"]
[BlackElo "1780"]
[Result "1-0"]
[Round "02"]
[TimeControl "180+1"]
[Date "2022.03.09"]
[WhiteClock "0:00:39"]
[BlackClock "0:00:30"]

1. e4 c5 2. Nf3 a6 3. b3 d5 4. exd5 Qxd5 5. Nc3 Qd8 6. Bb2 Nf6 7. Be2 g6 8. O-O Bg7 9. Ne4 Nbd7 10. Ng3 O-O 11. d4 cxd4 12. Nxd4 b5 13. Nc6 Qe8 14. Bf3 Nb6 15. Re1 Be6 16. Ba3 Nbd5 17. Nxe7+ Nxe7 18. Bxa8 Qxa8 19. Bxe7 Re8 20. Bc5 Nd5 21. Bd4 Nf4 22. Re4 Nd5 23. Bxg7 Kxg7 24. Qd4+ Nf6 25. Rf4 Qd8 26. Qc3 g5 27. Rxf6 1-0


[Site "https://www.chess.com"]

[Event "Titled Tuesday Blitz March 08 Late 2022"]
[White "Milanovic, Marko"]
[Black "Dilmukhametov, Artur"]
[WhiteFideId "980129"]
[BlackFideId "24179922"]
[WhiteElo "2159"]
[BlackElo "2237"]
[Result "0-1"]
[Round "02"]
[TimeControl "180+1"]
[Date "2022.03.09"]
[WhiteClock "0:00:54"]
[BlackClock "0:00:15"]

1. e4 e6 2. d4 d5 3. Nc3 Bb4 4. Ne2 Nf6 5. e5 Nfd7 6. a3 Be7 7. Nf4 c6 8. Qg4 g6 9. Bd3 c5 10. Nxg6 hxg6 11. Bxg6 Rg8 12. Bxf7+ Kxf7 13. Qh5+ Rg6 14. Ne2 Qg8 15. Nf4 Nf8 16. Be3 cxd4 17. Bxd4 Nc6 18. Be3 Bd7 19. O-O-O Qh7 20. Qf3 Nxe5 21. Qe2 Rg8 22. Bd4 Nc6 23. Bc3 Bg5 24. Bd2 Bxf4 25. Bxf4 Ng6 26. Bg3 Nge7 27. Rhe1 Nf5 28. Bf4 Rxg2 29. c4 Qh4 30. Bg3 Nxg3 31. hxg3 Qg5+ 32. Kb1 Ne7 33. Ka1 Qf5 34. Rf1 Rh8 35. Qe3 Rhh2 36. Rd2 Bc6 37. Qxa7 dxc4 38. Qd4 Nd5 39. Qxc4 Rxf2 40. Rdxf2 Rxf2 41. Rh1 Ne3 42. Qd4 Nc2+ 0-1


[Site "https://www.chess.com"]

[Event "Titled Tuesday Blitz March 08 Late 2022"]
[White "Mirzoev, Azer"]
[Black "Miszler, Levente"]
[WhiteFideId "13400304"]
[BlackFideId "763276"]
[WhiteElo "2525"]
[BlackElo "1966"]
[Result "1-0"]
[Round "02"]
[TimeControl "180+1"]
[Date "2022.03.09"]
[WhiteClock "0:00:28"]
[BlackClock "0:00:18"]

1. c4 e5 2. Nc3 Nc6 3. e3 Nf6 4. d4 d6 5. Nf3 g6 6. Be2 Bg7 7. O-O O-O 8. a3 Re8 9. h3 exd4 10. exd4 Ne4 11. Nd5 h6 12. Be3 Bf5 13. Re1 Qd7 14. Bf1 Nf6 15. Rc1 Ne7 16. Nxf6+ Bxf6 17. Bxh6 Nc6 18. Qd2 Be4 19. Qf4 Qf5 20. Qxf5 Bxf5 21. d5 Nd4 22. Nxd4 Bxd4 23. g4 Bd7 24. b4 Bb2 25. Rxe8+ Rxe8 26. Rb1 Bd4 27. Bd2 f5 28. g5 f4 29. Bxf4 Bf5 30. Rd1 Bb2 31. a4 Bc3 32. b5 Kf7 33. h4 Bg4 34. Rd3 Bb4 35. Re3 Rh8 36. Bg3 Bc5 37. Re4 Bf5 38. Re1 Rf8 39. Kg2 Ra8 40. Bf4 a6 41. Be3 Bxe3 42. Rxe3 axb5 43. axb5 Ra2 44. Kg3 Rc2 45. f3 Rc1 46. Be2 Rc2 47. Kf4 Rb2 48. h5 Rb1 49. h6 Rh1 50. b6 cxb6 51. Rb3 Rh4+ 52. Ke3 Bc8 53. Rxb6 Ke7 54. c5 dxc5 55. Rxg6 c4 56. Rg7+ Kd6 57. h7 Bf5 58. g6 Kxd5 59. Rg8 Bxg6 60. h8=Q Rxh8 61. Rxh8 b5 62. Rg8 Bc2 63. Rg5+ Kc6 64. Kd4 1-0


[Site "https://www.chess.com"]

[Event "Titled Tuesday Blitz March 08 Late 2022"]
[White "Mogranzini, Roberto"]
[Black "Makarian, Rudik"]
[WhiteFideId "810894"]
[BlackFideId "44105681"]
[WhiteElo "2469"]
[BlackElo "2388"]
[Result "0-1"]
[Round "02"]
[TimeControl "180+1"]
[Date "2022.03.08"]
[WhiteClock "0:00:49"]
[BlackClock "0:02:04"]

1. e4 c5 2. Nf3 e6 3. Nc3 Nc6 4. g3 Nf6 5. Bg2 d6 6. O-O Be7 7. Re1 O-O 8. d4 cxd4 9. Nxd4 Bd7 10. Nb3 Na5 11. g4 Bc6 12. g5 Nd7 13. f4 Nxb3 14. axb3 e5 15. Qh5 g6 16. Qh6 exf4 17. Bxf4 f6 18. Rad1 fxg5 19. Bxd6 Bxd6 20. Rxd6 Qe7 21. Rdd1 Ne5 22. Nd5 Qc5+ 23. Kh1 Ng4 24. Qxg5 Nf2+ 0-1


[Site "https://www.chess.com"]

[Event "Titled Tuesday Blitz March 08 Late 2022"]
[White "Moral Garcia, Serafin"]
[Black "Petersson, Kjell"]
[WhiteFideId "2201925"]
[BlackFideId "1705148"]
[WhiteElo "2228"]
[BlackElo "2009"]
[Result "1-0"]
[Round "02"]
[TimeControl "180+1"]
[Date "2022.03.09"]
[WhiteClock "0:00:43"]
[BlackClock "0:00:28"]

1. c4 f5 2. Nc3 Nf6 3. g3 e6 4. d3 d5 5. Bg2 d4 6. Nb1 Nc6 7. e3 e5 8. a3 a5 9. Ne2 Bc5 10. exd4 Nxd4 11. Nbc3 O-O 12. O-O c6 13. Rb1 Qe7 14. Be3 Be6 15. Na4 Nxe2+ 16. Qxe2 Bxe3 17. fxe3 Ng4 18. h3 Nf6 19. d4 Bd7 20. Qd3 Rae8 21. Rbe1 Nh5 22. e4 f4 23. g4 Ng3 24. Rf3 Rd8 25. d5 cxd5 26. Qxd5+ Be6 27. Qxa5 Bxc4 28. Nc3 Rd2 29. Nd5 Bxd5 30. Qxd2 Bxe4 31. Rxg3 fxg3 32. Rxe4 Qc5+ 33. Qe3 Qc2 34. Rxe5 h6 35. Qxg3 Rf2 36. Qxf2 1-0


[Site "https://www.chess.com"]

[Event "Titled Tuesday Blitz March 08 Late 2022"]
[White "Munoz, Francisco Javier"]
[Black "Pershin, Denis"]
[WhiteFideId "128368"]
[BlackFideId "24165506"]
[WhiteElo "2383"]
[BlackElo "2275"]
[Result "1-0"]
[Round "02"]
[TimeControl "180+1"]
[Date "2022.03.09"]
[WhiteClock "0:02:17"]
[BlackClock "0:01:35"]

1. Nf3 c5 2. e4 d6 3. c3 Nf6 4. h3 Nc6 5. Bd3 h6 6. Bc2 g5 7. d4 cxd4 8. cxd4 g4 9. hxg4 Bxg4 10. d5 Ne5 11. Ba4+ Nfd7 12. Nxe5 Qa5+ 13. Bd2 Qb6 14. Qxg4 O-O-O 15. Nxd7 Qxb2 16. O-O Qxa1 17. Rc1+ 1-0


[Site "https://www.chess.com"]

[Event "Titled Tuesday Blitz March 08 Late 2022"]
[White "Muradli, Mahammad"]
[Black "Vargas, Gabriela"]
[WhiteFideId "13409301"]
[BlackFideId "3700860"]
[WhiteElo "2611"]
[BlackElo "2071"]
[Result "1-0"]
[Round "02"]
[TimeControl "180+1"]
[Date "2022.03.09"]
[WhiteClock "0:00:28"]
[BlackClock "0:01:18"]

1. g3 d5 2. Nf3 c6 3. Bg2 Bg4 4. O-O Nd7 5. c4 e6 6. d4 Ngf6 7. Nc3 h6 8. Re1 Bb4 9. Bd2 O-O 10. a3 Bxc3 11. Bxc3 Ne4 12. Bb4 Re8 13. a4 a5 14. Ba3 Nb6 15. Ne5 Bf5 16. f3 Nf6 17. e4 Bh7 18. b3 Nfd7 19. c5 Nc8 20. exd5 exd5 21. Nxd7 Qxd7 22. Rxe8+ Qxe8 23. Qd2 Ne7 24. Re1 Qd7 25. Bb2 Re8 26. Qxa5 Nf5 27. Qd2 Rxe1+ 28. Qxe1 Qe7 29. Qxe7 Nxe7 30. Kf2 Bc2 31. a5 Bxb3 32. Bf1 Bc4 33. Bh3 Kf8 34. Bc1 Ke8 35. Bf4 Kd8 36. Bd6 g6 37. Be5 Nf5 38. Bf6+ Ke8 39. g4 Ne7 40. Bg7 h5 41. gxh5 gxh5 42. Kg3 Bd3 43. Bf6 Ng6 44. Bc8 Ba6 45. h3 Kf8 46. Bd7 Kg8 47. f4 Kf8 48. f5 Ne7 49. Kf4 Bf1 50. h4 Bd3 51. Ke5 Ng8 52. Bd8 Nh6 53. Bc8 Ng4+ 54. Kd6 Ba6 55. Kc7 Ne3 56. Bxb7 Bxb7 57. Kxb7 Nxf5 58. a6 Nxd4 59. a7 Nb3 60. Bb6 d4 61. a8=Q+ Kg7 62. Qd8 f5 63. Qg5+ Kh7 64. Qxf5+ Kh6 65. Qg5+ Kh7 66. Qxh5+ Kg7 67. Qg5+ Kh7 68. Kxc6 d3 69. Kd5 d2 70. Qh5+ Kg7 71. Ke6 Nd4+ 72. Ke7 Nc6+ 73. Kd6 Nd4 74. Qe5+ Kh7 75. Qxd4 1-0


[Site "https://www.chess.com"]

[Event "Titled Tuesday Blitz March 08 Late 2022"]
[White "Myers, Dominique"]
[Black "Hamitevici, Vladimir"]
[WhiteFideId "2041715"]
[BlackFideId "13902393"]
[WhiteElo "1986"]
[BlackElo "2359"]
[Result "0-1"]
[Round "02"]
[TimeControl "180+1"]
[Date "2022.03.09"]
[WhiteClock "0:00:47"]
[BlackClock "0:00:14"]

1. e4 c5 2. Nf3 e6 3. d4 cxd4 4. Nxd4 a6 5. c4 Qc7 6. Nc3 Nc6 7. Be3 Nf6 8. Be2 d6 9. O-O Be7 10. Rc1 Nxd4 11. Bxd4 O-O 12. f4 e5 13. Be3 exf4 14. Rxf4 Be6 15. b3 Rfe8 16. Nd5 Bxd5 17. exd5 Nd7 18. Bd4 Bf6 19. Rf2 Bxd4 20. Qxd4 a5 21. Rcf1 Ne5 22. a3 Qc5 23. Qb2 f6 24. h3 Qe3 25. b4 axb4 26. axb4 Ra3 27. c5 Rb3 28. Qc1 Qxc1 29. Rxc1 Rxb4 30. cxd6 Rd8 31. d7 Rxd7 32. Rc8+ Kf7 33. Rh8 Kg6 34. Bd1 Rxd5 35. Bc2+ Kf7 36. Bxh7 Rd1+ 37. Kh2 Rbd4 38. Rb8 Rb4 39. Bg8+ Ke7 40. Rc2 Rd8 41. Rc7+ Rd7 42. Rcc8 Rb2 43. Re8+ Kd6 44. Bh7 Kc5 45. Bf5 Rdd2 46. Be4 b5 47. Rbc8+ Kd4 48. Bb7 Ke3 49. Rc3+ Rd3 50. Rc7 g5 51. Rf7 Rd6 52. Rc7 b4 53. Kg3 Rd3 54. Ba6 Kd4+ 55. Bxd3 Kxd3 56. Rd8+ Ke4 57. Rd6 Kf5 58. Rb7 Rb3+ 59. Kf2 g4 60. hxg4+ Nxg4+ 61. Ke2 Rb2+ 62. Kf3 Ne5+ 63. Ke3 b3 64. Rb4 Rxg2 65. Rdd4 Rg3+ 66. Kf2 Rc3 67. Rf4+ Kg5 68. Rfe4 Nd3+ 69. Ke2 Nxb4 70. Rxb4 f5 71. Kd2 Rh3 72. Kc1 f4 73. Kb1 Kg4 74. Rb8 Re3 75. Rg8+ Kf3 76. Rg7 Ke2 77. Rh7 f3 78. Rh2+ f2 79. Kc1 Ke1 0-1


[Site "https://www.chess.com"]

[Event "Titled Tuesday Blitz March 08 Late 2022"]
[White "Nakamura, Hikaru"]
[Black "Rastbod, Ali"]
[WhiteFideId "2016192"]
[BlackFideId "12567477"]
[WhiteElo "2850"]
[BlackElo "2200"]
[Result "1-0"]
[Round "02"]
[TimeControl "180+1"]
[Date "2022.03.08"]
[WhiteClock "0:01:08"]
[BlackClock "0:00:03"]

1. Nf3 d5 2. b3 Nf6 3. Bb2 e6 4. e3 Be7 5. g3 O-O 6. Bg2 c5 7. d4 Nc6 8. O-O cxd4 9. exd4 b6 10. Nbd2 Bb7 11. Re1 Rc8 12. a3 b5 13. Bf1 a6 14. Bd3 h6 15. b4 Nd7 16. Nb3 Nb6 17. Nc5 Qc7 18. c3 Nc4 19. Bc1 Bd6 20. a4 e5 21. axb5 axb5 22. Bxc4 dxc4 23. Nxb7 Qxb7 24. dxe5 Be7 25. Qe2 Rcd8 26. Qe4 Rd3 27. Nd4 Rc8 28. e6 Bf6 29. exf7+ Kxf7 30. Qe6+ Kf8 31. Bf4 Be7 32. Nf5 Qd7 33. Nxe7 Nxe7 34. Qxd7 Rxd7 35. Be5 Nc6 36. Bf4 Rd3 37. Rac1 Re8 38. Red1 Red8 39. Rxd3 Rxd3 40. Kf1 Ne7 41. Ke2 Nd5 42. Be5 g5 43. h3 h5 44. Ke1 Kf7 45. Rd1 Rxd1+ 46. Kxd1 Ke6 47. Bd4 g4 48. hxg4 hxg4 49. Ke2 Kf5 50. f3 Nc7 51. Kf2 Ne6 52. Bh8 Ng5 53. fxg4+ Kxg4 54. Ke3 Kxg3 55. Kd4 Kf4 56. Kc5 Ke4 57. Kxb5 Kd5 58. Ka6 Ne6 59. b5 Nc5+ 60. Ka7 Nd7 61. b6 Kc6 62. b7 Kc7 63. Bd4 Kc6 64. b8=Q Nxb8 65. Kxb8 Kd7 66. Kb7 1-0


[Site "https://www.chess.com"]

[Event "Titled Tuesday Blitz March 08 Late 2022"]
[White "Nikologorsky, Matfei"]
[Black "Morris-Suzuki, Sophie"]
[WhiteFideId "24102474"]
[BlackFideId "30922615"]
[WhiteElo "2231"]
[BlackElo "2503"]
[Result "1-0"]
[Round "02"]
[TimeControl "180+1"]
[Date "2022.03.09"]
[WhiteClock "0:00:49"]
[BlackClock "0:00:04"]

1. e4 c5 2. Nf3 e6 3. d4 cxd4 4. Nxd4 d6 5. Nc3 a6 6. g4 b5 7. Bg2 Bb7 8. Be3 b4 9. Nce2 Nf6 10. Ng3 Qc7 11. g5 Nfd7 12. Qd2 Nc6 13. f4 Nxd4 14. Bxd4 a5 15. O-O e5 16. Be3 exf4 17. Bxf4 Ne5 18. Kh1 Be7 19. Nf5 O-O 20. Rad1 Rad8 21. Qf2 Nc4 22. Qd4 Ne5 23. Rd3 Rfe8 24. Rh3 Bf8 25. c3 bxc3 26. Rxc3 Qb8 27. Rg3 Ng6 28. Bd2 d5 29. Bc3 dxe4 30. Qf2 Rd3 31. Nh6+ Kh8 32. Nxf7+ Kg8 33. Nh6+ Kh8 34. Qf7 Ne7 35. Qg8+ Nxg8 36. Nf7# 1-0


[Site "https://www.chess.com"]

[Event "Titled Tuesday Blitz March 08 Late 2022"]
[White "Osmonbekov, Talaibek"]
[Black "Manukyan, Sargis A."]
[WhiteFideId "2017253"]
[BlackFideId "13303970"]
[WhiteElo "2135"]
[BlackElo "2187"]
[Result "0-1"]
[Round "02"]
[TimeControl "180+1"]
[Date "2022.03.09"]
[WhiteClock "0:01:13"]
[BlackClock "0:00:38"]

1. d4 d5 2. Nc3 Nf6 3. Bf4 c5 4. e3 Nc6 5. Nb5 e5 6. Bxe5 Nxe5 7. dxe5 Ng4 8. Qxd5 Qxd5 9. Nc7+ Kd8 10. Nxd5 Nxe5 11. O-O-O Bd7 12. Be2 Kc8 13. Nf3 Nxf3 14. Bxf3 Be6 15. Nf4 Kc7 16. Rd2 Bd6 17. Nxe6+ fxe6 18. Rhd1 Rhd8 19. Bxb7 Rab8 20. Be4 Bxh2 21. Rxd8 Rxd8 22. Rh1 Be5 23. Rxh7 a5 24. g4 Rd7 25. f4 Bd6 26. Rh8 c4 27. Ra8 Bc5 28. b3 Ba3+ 0-1


[Site "https://www.chess.com"]

[Event "Titled Tuesday Blitz March 08 Late 2022"]
[White "Pein, Jonathan"]
[Black "Iskusnyh, Sergei"]
[WhiteFideId "417092"]
[BlackFideId "4120027"]
[WhiteElo "2140"]
[BlackElo "2492"]
[Result "1-0"]
[Round "02"]
[TimeControl "180+1"]
[Date "2022.03.09"]
[WhiteClock "0:00:55"]
[BlackClock "0:00:11"]

1. e4 e6 2. b3 d5 3. Bb2 Nf6 4. e5 Nfd7 5. Qg4 c5 6. f4 Nc6 7. Nf3 a6 8. c4 d4 9. Na3 h5 10. Qg3 g6 11. Bd3 Ne7 12. O-O Nb8 13. Ng5 Nbc6 14. Ne4 Nf5 15. Qh3 Bg7 16. Rae1 Qe7 17. Nc2 b6 18. Re2 Bb7 19. a3 a5 20. Ne1 O-O-O 21. Nf3 Kb8 22. Nfg5 Bh6 23. Rb1 Qf8 24. Bc1 Rd7 25. Qf3 Bxg5 26. fxg5 Nxe5 27. Qf4 Qg7 28. Nf6 Rc7 29. Qxe5 h4 30. Bxf5 gxf5 31. Nd7+ Kc8 32. Nxb6+ Kd8 33. Qxg7 1-0


[Site "https://www.chess.com"]

[Event "Titled Tuesday Blitz March 08 Late 2022"]
[White "Petrova, Irina"]
[Black "Golubev, Mikhail"]
[WhiteFideId "14124122"]
[BlackFideId "14100983"]
[WhiteElo "1993"]
[BlackElo "2374"]
[Result "1/2-1/2"]
[Round "02"]
[TimeControl "180+1"]
[Date "2022.03.09"]
[WhiteClock "0:00:07"]
[BlackClock "0:00:10"]

1. e4 c5 2. Nf3 d6 3. Bb5+ Nc6 4. Bxc6+ bxc6 5. O-O e5 6. c3 Bg4 7. h3 Bh5 8. d4 cxd4 9. cxd4 Bxf3 10. Qxf3 exd4 11. e5 d5 12. Qg3 Ne7 13. Qg4 Qd7 14. Qxd4 Nf5 15. Qf4 h5 16. Nd2 g5 17. Qxg5 Bh6 18. Qf6 Bg7 19. Qg5 Bh6 20. Qf6 Rg8 21. Nf3 Bg7 22. Qg5 Kf8 23. Qd2 Bh6 24. Qb4+ Ke8 25. Bxh6 Nxh6 26. Rfe1 Qxh3 27. Nh4 Rg4 28. Qd6 Qxh4 29. Qxc6+ Ke7 30. Qd6+ Ke8 31. Qc6+ Ke7 32. Qd6+ Ke8 33. Qc6+ 1/2-1/2


[Site "https://www.chess.com"]

[Event "Titled Tuesday Blitz March 08 Late 2022"]
[White "Piesik, Piotr"]
[Black "Svane, Rasmus"]
[WhiteFideId "1136194"]
[BlackFideId "4657101"]
[WhiteElo "2190"]
[BlackElo "2645"]
[Result "0-1"]
[Round "02"]
[TimeControl "180+1"]
[Date "2022.03.08"]
[WhiteClock "0:00:15"]
[BlackClock "0:00:07"]

1. Nf3 d5 2. g3 g6 3. Bg2 Bg7 4. d4 Nd7 5. O-O Ngf6 6. c4 dxc4 7. Na3 Nb6 8. Nxc4 Nxc4 9. Qa4+ c6 10. Qxc4 Be6 11. Qb4 Qb6 12. Qxb6 axb6 13. e3 Rxa2 14. Rxa2 Bxa2 15. Bd2 O-O 16. Ra1 Ra8 17. Bf1 Ra4 18. Ne5 Bb3 19. Rxa4 Bxa4 20. Nc4 Nd7 21. Bb4 c5 22. Bc3 b5 23. Na5 b4 24. Bd2 cxd4 25. exd4 Bxd4 26. Bxb4 b6 27. Nc4 e5 28. Bc3 Bxc3 29. bxc3 Bb3 30. Nd6 Nc5 31. Nc8 Na4 32. c4 Bc2 33. Bh3 f5 34. Bg2 e4 35. f3 e3 36. f4 Bd3 37. Bd5+ Kf8 38. Kg2 Nc3 39. Nxb6 Nd1 40. Bf3 e2 41. Bxe2 Bxe2 42. Nd7+ Ke7 0-1


[Site "https://www.chess.com"]

[Event "Titled Tuesday Blitz March 08 Late 2022"]
[White "Przybylski, Wojciech"]
[Black "Curtis, John"]
[WhiteFideId "1117599"]
[BlackFideId "3200256"]
[WhiteElo "2133"]
[BlackElo "2203"]
[Result "1-0"]
[Round "02"]
[TimeControl "180+1"]
[Date "2022.03.09"]
[WhiteClock "0:00:12"]
[BlackClock "0:00:06"]

1. e4 e5 2. Nf3 Nc6 3. Bb5 a6 4. Ba4 Nf6 5. O-O b5 6. Bb3 Be7 7. Re1 O-O 8. a4 Rb8 9. c3 d5 10. exd5 Nxd5 11. Nxe5 Nxe5 12. Rxe5 c6 13. g3 Bd6 14. Re1 Qd7 15. d3 Qh3 16. Qf3 Bg4 17. Qg2 Qh5 18. axb5 Bf3 19. Qf1 axb5 20. Bd1 Bxd1 21. Rxd1 f5 22. f4 g5 23. c4 bxc4 24. dxc4 Bc5+ 25. Kh1 Ne3 26. Bxe3 Bxe3 27. Nd2 Rxb2 28. Qf3 Qxf3+ 29. Nxf3 gxf4 30. Ra6 Rf2 31. Ne5 Rb8 32. Rxc6 Bd4 33. Nd3 fxg3 34. Nxf2 gxf2 35. Kg2 Be3 36. Rf6 f4 37. Kf3 Kg7 38. Rf5 Rd8 39. Rfd5 Ra8 40. Rd7+ Kh6 41. R1d6+ Kg5 42. Rd5+ Kf6 43. R5d6+ Ke5 44. Rd5+ Ke6 45. R7d6+ Ke7 46. Rd7+ Ke6 47. R5d6+ Ke5 48. Rd1 Ra2 49. R7d5+ Ke6 50. Rd6+ Ke7 51. Rd7+ Ke6 52. R7d6+ Ke5 53. Rd7 Ke6 54. Rxh7 f1=Q+ 55. Rxf1 Rc2 56. Rh6+ Kf5 57. Rc6 Rxh2 58. Rc8 Rh3+ 59. Ke2 Rh2+ 60. Kd3 Rd2+ 61. Kc3 Ke4 62. Re8+ Kf5 63. Rf8+ Ke4 64. Re8+ Kf5 65. Rxe3 Ra2 66. Ref3 Ra3+ 67. Kd4 Ra8 68. Rxf4+ Ke6 69. Re4+ Kd6 70. Rf6+ Kd7 71. Rf5 Ra1 72. Rd5+ Kc6 73. Re6+ Kc7 74. Rh5 Rd1+ 75. Kc5 Rd7 76. Rhh6 Kb7 77. Rb6+ Kc7 78. Rhc6+ Kd8 79. Rd6 Ke7 80. Rxd7+ Kxd7 81. Rc6 Kd8 82. Kd6 Ke8 83. Ke6 Kf8 84. Rc7 Kg8 85. Kf6 Kh8 86. Kg6 Kg8 87. Rc8# 1-0


[Site "https://www.chess.com"]

[Event "Titled Tuesday Blitz March 08 Late 2022"]
[White "Rabineau, Clement"]
[Black "Kamsky, Gata"]
[WhiteFideId "628891"]
[BlackFideId "2000024"]
[WhiteElo "2237"]
[BlackElo "2645"]
[Result "0-1"]
[Round "02"]
[TimeControl "180+1"]
[Date "2022.03.09"]
[WhiteClock "0:00:50"]
[BlackClock "0:01:33"]

1. e4 c5 2. c3 Nf6 3. e5 Nd5 4. Bc4 Nb6 5. Bb3 d5 6. exd6 Qxd6 7. Nf3 Be6 8. O-O Nc6 9. d4 cxd4 10. Bxe6 Qxe6 11. Nxd4 Nxd4 12. Qxd4 Rd8 13. Qe3 Qc6 14. Na3 a6 15. Nc2 Nd5 16. Qf3 e6 17. Ne3 Be7 18. Nxd5 Qxd5 19. Qxd5 Rxd5 20. Be3 Kd7 21. Rfd1 Rxd1+ 22. Rxd1+ Kc6 23. Kf1 b5 24. Ke2 e5 25. f3 Bd6 26. h3 Re8 27. g4 g6 28. Kd3 Rd8 29. Ke4 Rf8 30. g5 f5+ 31. gxf6 Rxf6 32. Rg1 Rf5 33. Rg5 Rf7 34. Bg1 Rf4+ 35. Ke3 Bc5+ 0-1


[Site "https://www.chess.com"]

[Event "Titled Tuesday Blitz March 08 Late 2022"]
[White "Rangel, Daniel"]
[Black "Maghsoodloo, Parham"]
[WhiteFideId "2124475"]
[BlackFideId "12539929"]
[WhiteElo "2225"]
[BlackElo "2630"]
[Result "0-1"]
[Round "02"]
[TimeControl "180+1"]
[Date "2022.03.09"]
[WhiteClock "0:00:06"]
[BlackClock "0:00:13"]

1. c4 e5 2. g3 Nc6 3. Bg2 g6 4. Nc3 Bg7 5. e3 Nge7 6. Nge2 O-O 7. O-O a6 8. Nd5 Rb8 9. Nec3 b5 10. cxb5 axb5 11. a4 b4 12. Nb5 Nxd5 13. Bxd5 Ne7 14. Bg2 c6 15. Nd6 Ba6 16. Re1 Qc7 17. Ne4 c5 18. Qf3 f5 19. Ng5 e4 20. Qd1 b3 21. f3 h6 22. Nh3 d5 23. Nf2 Bd3 24. Nxd3 exd3 25. f4 c4 26. g4 Qd7 27. Bh3 Nc6 28. Kh1 Nb4 29. Rg1 Kh7 30. gxf5 gxf5 31. Qh5 Rb6 32. a5 Ra6 33. Qf3 Nc2 34. Rb1 Rxa5 35. Bg2 Nb4 36. Qg3 Nc6 37. Bf3 Rf6 38. Qg2 Nb4 39. Bh5 Raa6 40. h4 Qe7 41. Be8 Qe4 42. Bh5 Rg6 43. Bxg6+ Rxg6 44. Qxe4 Rxg1+ 45. Kxg1 fxe4 46. Kf2 Kg6 47. Kg3 h5 48. Ra1 Na2 49. Kf2 Kf5 50. Kg3 Bf6 51. Kh3 d4 52. exd4 Bxd4 53. Kg3 Bc5 54. Rb1 Bd6 55. Kh3 Bxf4 56. Ra1 Be5 57. Rb1 Kf4 58. Ra1 Kf3 59. Rb1 Ke2 60. Ra1 Kd1 61. Kg2 Kc2 62. Kf2 Bf4 63. Kg2 Nxc1 64. Ra5 Bxd2 65. Rxh5 e3 66. Re5 e2 67. Kf2 e1=Q+ 68. Rxe1 Bxe1+ 69. Kxe1 d2+ 0-1


[Site "https://www.chess.com"]